 Dungeon Crawl Stone Soup version 0.30-a0-43-gbbf338a72c (webtiles) character file.

Game seed: 8702057848305661201

1243 ytrimaz the Changer (level 8, -1/57 HPs)
             Began as an Octopode Transmuter on Aug 30, 2022.
             Was an Initiate of Ashenzari.
             Slain by a gnoll
             ... wielding a +2 flail of holy wrath
              (5 damage)
             ... on level 6 of the Dungeon on Aug 31, 2022.
             The game lasted 00:14:10 (7098 turns).

ytrimaz the Changer (Octopode Transmuter)           Turns: 7098, Time: 00:14:11

Health: -1/57      AC: 11    Str:  9 (10) XL:     8   Next: 50%
Magic:  11/15      EV: 10    Int: 17      God:    Ashenzari [......]
Gold:   247        SH:  0    Dex: 12      Spells: 7/17 levels left

rFire   x . .      SeeInvis .      - Unarmed
rCold   + + +      Faith    .    (shield currently unavailable)
rNeg    . . .      Spirit   .    (helmet currently unavailable)
rPois   +          Reflect  .    (no amulet)
rElec   .          Harm     .    d - ring of protection from cold
rCorr   .          Rampage  .    j - +4 ring of protection
Will    .....                    (no ring)
Stlth   +.........               (no ring)
HPRegen 0.19/turn                (no ring)
MPRegen 0.14/turn                (no ring)
                                 (no ring)
                                 (no ring)

@: mighty, ice-form, wereblooded
A: freezing attack, boosted hp, almost no armour, amphibious, 8 rings, large,
(camouflage 1), (gelatinous body 1), (nimble swimmer 1), (tentacles)
a: End Transformation, Renounce Religion


You were on level 6 of the Dungeon.
You worshipped Ashenzari.
Ashenzari was noncommittal.
You were a creature of crystalline ice.
You visited 2 branches of the dungeon, and saw 7 of its levels.

You collected 247 gold pieces.


Innate Abilities, Weirdness & Mutations

You are a creature of crystalline ice.
You have a powerful freezing melee attack.
Your maximum health is increased.
Your armour is entirely melded.
You are incapable of wielding weapons or throwing items.
You cannot wear most types of armour.
You are amphibious.
You can wear up to eight rings at the same time.
((Your skin changes colour to match your surroundings (Stealth+).))
((Your rubbery body absorbs attacks. (AC +1, EV +1)))
((You are camouflaged when in or above water. (Stealth+)))
((You have tentacles for arms and can constrict up to eight enemies at once.))


   Skills:
 - Level 1.0 Fighting
 - Level 2.0 Dodging
 + Level 5.1 Unarmed Combat
 + Level 5.0 Spellcasting
 + Level 5.3 Transmutations
 - Level 4.0 Ice Magic
 - Level 4.0 Poison Magic


You had 7 spell levels left.
You knew the following spells:

 Your Spells              Type           Power      Damage    Failure   Level
a - Beastly Appendage     Tmut           44%        N/A       1%          1
b - Wereblood             Tmut           22%        N/A       2%          2
c - Spider Form           Tmut/Pois      20%        N/A       6%          3
d - Ice Form              Ice/Tmut       20%        N/A       21%         4

Your spell library contained the following spells:

 Spells                   Type           Power      Damage    Failure   Level
 Inner Flame              Hex/Fire       4%         N/A       38%         3
 Cause Fear               Hex            2%         N/A       80%         4
 Discord                  Hex            2%         N/A       100%        8

Inventory:

Missiles
 b - 8 poisoned darts {throwing}
 i - 46 stones {throwing}
 k - a throwing net {=f!fthrowing}
 o - 2 javelins {throwing}
Armour
 c - a +2 hat (melded)
   (You found it on level 1 of the Dungeon)
Jewellery
 d - a ring of protection from cold (left front paw)
   (You found it on level 5 of the Dungeon)
 j - a +4 ring of protection (right front paw)
   (You found it on level 5 of the Dungeon)
Scrolls
 a - 2 scrolls of enchant armour
 g - a scroll of enchant weapon
 l - a scroll of immolation {!r!r}
 s - a scroll of noise {!r}
Potions
 e - 2 potions of flight
 f - a potion of magic
 p - 2 potions of cancellation

Dungeon Overview and Level Annotations

Branches:
Dungeon (6/15) Zot: 26621  Temple (1/1) D:6 Zot: 5974

Altars:
Ashenzari
Cheibriados
Dithmenos
Gozag
Hepliaklqana
Kikubaaqudgha
Makhleb
Nemelex Xobeh
Okawaru
Qazlal
Ru
Sif Muna
Uskayaw
Vehumet
Wu Jian
Xom
Yredelemnul
Zin

,,,,,,,,,,,,,,,,**,,,,,,,,,**
,,,,,,,,..................,,*
,,,,,,,,..................,**
*,**,,,,.................g,*
,,,,,,,,..................**
,,,,*,,............#......,*
,,,***.....#..l...##......,*
,,,**,......#..g.##o......**
,,,,**......#...Yogg....#**
,,,,,.....#.....##g.....#
,**,*...........###.#####
***,*............#*##
***,,...........##
,*,,,.....##..###
,,,,,......#...#
,,,..........###
...#...........#


You could see an iguana, 4 gnolls and 2 orcs.


Message History

Unknown command.
Casting: Wereblood (safe; 2% risk of failure)
Confirm with . or Enter, or press ? or * to list all spells.
The spell is quite dangerous to miscast (21% risk of failure)!
Continue anyway? [Y]es or [N]o only, please.
The spell is quite dangerous to miscast (21% risk of failure)!
Continue anyway?
Okay, then.
An orc comes into view. It is wielding a +0 mace.
The orc shouts! x3
A gnoll comes into view.
It is wielding a +2 flail of holy wrath.
An orc comes into view. It is wielding a +0 flail.
A gnoll comes into view. It is wielding a +0 club.
The gnoll shouts!
Casting: Ice Form (quite dangerous; 21% risk of failure)
Confirm with . or Enter, or press ? or * to list all spells.
The spell is quite dangerous to miscast (21% risk of failure)!
Continue anyway?
Okay, then.
Casting: Ice Form (quite dangerous; 21% risk of failure)
Confirm with . or Enter, or press ? or * to list all spells.
The spell is quite dangerous to miscast (21% risk of failure)!
Continue anyway?
You turn into a creature of crystalline ice.
Your +2 hat melds into your body. 😎 HP[+9] MP[-4]
You now have 57 max hp (+9).
Your hp is fully restored (57).
You lost 4 mp, and now have 11/15 mp.
Casting: Ice Form (quite dangerous; 21% risk of failure)
Confirm with . or Enter, or press ? or * to list all spells.
Your blood is infused with primal strength. 😎 MP[-2]
You lost 2 mp, and now have 9/15 mp.
Unknown command. 2 gnolls come into view.
Unknown command.
A wyvern comes into view.
The orc misses you. The orc closely misses you.
The wyvern moves out of view.
You hit the orc. You freeze the orc.
You kill the orc!
The orc misses you.
You punch the orc! You freeze the orc.
You kill the orc!
The orc closely misses you.
Your Spellcasting skill increases to level 5! 😎 MP[+1] Unknown command.
You hit the orc. You freeze the orc. You punch the orc! You freeze the orc.
You kill the orc!
You barely miss the wyvern. The orc hits you but does no damage.
The wyvern bites you! 😕 HP[-14]
You take 14 damage, and now have 43/57 hp.
MASSIVE DAMAGE!! (PAUSE) It was a potion of might.
You feel very mighty all of a sudden. The wyvern closely misses you.
The orc barely misses you.
The wyvern hisses menacingly.
The wyvern closely misses you.
Unknown command.
You completely miss the wyvern.
The gnoll shouts!
You hear an angry hiss.
The orc hits you with a +0 club.
The wyvern bites you but does no damage. 😮 HP[-3]
You take 3 damage, and now have 40/57 hp.
You punch the wyvern! You freeze the wyvern. The wyvern bites you!
* * * LOW HITPOINT WARNING * * *
An iguana comes into view.
The orc closely misses you. 😨 HP[-13]
You take 13 damage, and now have 27/57 hp.
MASSIVE DAMAGE!! (PAUSE)
You barely miss the wyvern.
The wyvern bites you but does no damage.
The orc hits you but does no damage. The wyvern barely misses you.
Unknown command.
You barely miss the wyvern. The wyvern bites you!
* * * LOW HITPOINT WARNING * * *
The orc hits you but does no damage. 😨 HP[-6] MP[+1]
You take 6 damage, and now have 21/57 hp.
Unknown command.
You punch the wyvern! You freeze the wyvern. The wyvern bites you!
* * * LOW HITPOINT WARNING * * *
The orc hits you but does no damage. The gnoll hits you but does no damage.
The wyvern bites you but does no damage. 😱 HP[-13]
You take 13 damage, and now have 8/57 hp.
MASSIVE DAMAGE!! (PAUSE)
You barely miss the wyvern.
You howl as the wereblood boils in your veins!
The wyvern bites you!
* * * LOW HITPOINT WARNING * * *
The gnoll barely misses you.
The orc hits you but does no damage. 😱 HP[-7]
You take 7 damage, and now have 1/57 hp.
Unknown command.
You hit the wyvern. You freeze the wyvern.
You feel a bit better.
You kill the wyvern!
The gnoll hits you with a +2 flail of holy wrath.
You die...

Skill      XL: |  1  2  3  4  5  6  7  8 |
---------------+-------------------------+-----
Unarmed Combat | 4 5 |  5.1
Poison Magic   | 1 2 3 4 |  4.0
Transmutations | 3 4 5 |  5.3
Spellcasting   | 3 4 5 |  5.0
Ice Magic      | 2 4 |  4.0
Fighting       | |  1.0
Dodging        | |  2.0

Action                   |  1- 3 |  4- 6 |  7- 9 || total
-------------------------+-------+-------+-------++-------
Melee: Unarmed           |    62 |   130 |   160 ||   352
       Kick              |    17 |    13 |     1 ||    31
       Constrict         |    11 |    17 |     1 ||    29
       Tentacles         |     9 |    10 |       ||    19
       Punch             |       |     2 |     1 ||     3
 Cast: Beastly Appendage |    14 |    21 |     1 ||    36
       Spider Form       |     1 |     5 |     8 ||    14
       Wereblood         |       |     1 |     4 ||     5
       Ice Form          |       |     1 |     7 ||     8
  Use: Scroll            |     3 |     8 |     2 ||    13
       Potion            |     1 |     3 |     8 ||    12
 Stab: Sleeping          |     5 |     3 |     1 ||     9
       Invisible         |       |       |     1 ||     1
Armor: Skin              |    10 |     6 |    39 ||    55
Dodge: Dodged            |    36 |    80 |    98 ||   214

Levels and vault maps discovered:
D:1:      nagdon_arrival_double_spiral, layout_basic, serial_forest,
          infiniplex_forest_clump_small, infiniplex_forest_clump_small,
          infiniplex_forest_straight_2, infiniplex_forest_straight_3,
          infiniplex_forest_lined_room_2, infiniplex_forest_clump_long,
          ebering_ecumenical_altar_abandoned
D:2:      layout_rooms, uniq_jessica
D:3:      layout_loops_cross, mainiacjoe_overflow_alcove_4
D:4:      layout_basic, lemuel_zombie_altar_kikubaaqudgha
D:5:      layout_basic, pdpol_wu_jian_five_deadly_venoms,
          corexii_item_surrounded_by_moat
D:6:      layout_cave_pools, minmay_temple_entry_enclosed_plants,
          cheibrodos_sewer_entry_bend
Temple:   nicolae_temple_no_exploring_needed

Notes
Turn   | Place    | Note
-------+----------+-------------------------------------------
     0 | D:1      | ytrimaz the Octopode Transmuter began the quest for the
                  | Orb.
     0 | D:1      | Reached XP level 1. HP: 13/13 MP: 3/3
     0 | D:1      | magus.rc [v1.9.6]
   531 | D:1      | Reached XP level 2. HP: 14/18 MP: 3/5
   653 | D:1      | Found a faded altar of an unknown god.
  1042 | D:1      | Reached skill level 4 in Unarmed Combat
  1195 | D:1      | magus.rc [v1.9.6]
  1337 | D:2      | Reached XP level 3. HP: 23/23 MP: 4/6
  1445 | D:2      | Learned a level 2 spell: Wereblood
  1449 | D:2      | Learned a level 3 spell: Spider Form
  1451 | D:2      | Identified the +3 falchion of the Trees {flame, rPois
                  | Dex+2}
  1452 | D:2      | Noticed Jessica
  1477 | D:2      | Killed Jessica
  1478 | D:2      | Reached skill level 1 in Poison Magic
  1750 | D:2      | Reached XP level 4. HP: 17/28 MP: 7/7
  1908 | D:2      | HP: 7/28 [frozen (1)]
  1910 | D:2      | Reached skill level 2 in Poison Magic
  3054 | D:3      | Reached XP level 5. HP: 31/33 MP: 4/8
  3057 | D:3      | Reached skill level 3 in Poison Magic
  3413 | D:3      | Found an iron altar of Okawaru.
  3597 | D:3      | Reached skill level 3 in Transmutations
  3964 | D:4      | Upgraded the game from 0.30-a0-42-g806c11bf1d to
                  | 0.30-a0-43-gbbf338a72c
  3964 | D:4      | magus.rc [v1.9.6]
  4403 | D:4      | Reached XP level 6. HP: 36/38 MP: 8/10
  4479 | D:4      | Found an ancient bone altar of Kikubaaqudgha.
  4570 | D:4      | Reached skill level 4 in Poison Magic
  4743 | D:4      | Learned a level 4 spell: Ice Form
  4838 | D:5      | Entered Level 5 of the Dungeon
  4838 | D:5      | Noticed an ice beast
  4850 | D:5      | Killed an ice beast
  4851 | D:5      | Reached skill level 3 in Spellcasting
  4851 | D:5      | Reached skill level 1 in Ice Magic
  4921 | D:5      | Reached skill level 2 in Ice Magic
  4942 | D:5      | Noticed a water moccasin
  4964 | D:5      | Killed a water moccasin
  4965 | D:5      | Reached XP level 7. HP: 34/43 MP: 1/12
  5117 | D:5      | Reached skill level 3 in Ice Magic
  5124 | D:5      | Reached skill level 4 in Transmutations
  5128 | D:5      | HP: 6/43 [something/puff of flame (7)]
  5133 | D:5      | HP: 4/43 [something (4)]
  5148 | D:5      | HP: 8/43 [something (3)]
  5470 | D:5      | Reached skill level 4 in Spellcasting
  5470 | D:5      | Reached skill level 4 in Ice Magic
  5853 | D:5      | You pick up a book of Hexes and begin reading...
  5853 | D:5      | You add the spells Inner Flame, Cause Fear and Discord to
                  | your library.
  5975 | D:5      | HP: 10/43 [orc priest/+0 flail (1)]
  5981 | D:5      | HP: 12/51 [orc priest/divine providence (12)]
  5989 | D:5      | Reached XP level 8. HP: 22/48 MP: 7/14
  5991 | D:5      | HP: 6/57 [something/puff of flame (18)]
  5996 | D:5      | HP: 10/57 [something (1)]
  6402 | D:5      | Found an ornate altar of the Wu Jian Council.
  6414 | D:5      | Noticed a spectral centipede
  6414 | D:5      | Noticed a spectral black mamba
  6854 | D:6      | Found a staircase to the Ecumenical Temple.
  6860 | D:6      | Reached skill level 5 in Transmutations
  6872 | Temple   | Entered the Ecumenical Temple
  6891 | Temple   | Became a worshipper of Ashenzari the Shackled
  7001 | D:6      | Reached skill level 5 in Unarmed Combat
  7084 | D:6      | Noticed a wyvern
  7087 | D:6      | Reached skill level 5 in Spellcasting
  7096 | D:6      | HP: 8/57 [wyvern (13)]
  7097 | D:6      | HP: 1/57 [wyvern (7)]
  7098 | D:6      | Killed a wyvern
  7098 | D:6      | Slain by a gnoll

Vanquished Creatures
  A wyvern (D:6)
  2 water moccasins
  2 ice beasts (D:5)
  A necrophage (D:6)
  A scorpion (D:5)
  A wight (D:5)
  3 hounds (D:5)
  A jelly (D:6)
  2 orc priests
  Jessica (D:2)
  7 orc wizards
  4 gnolls (D:3)
  9 adders
  2 white imps (D:5)
  An ufetubus (D:5)
  2 worms
  3 dart slugs
  27 orcs
  7 ball pythons
  A bat zombie (D:4)
  8 endoplasms
  2 giant cockroaches
  3 goblins (D:2)
  7 hobgoblins
  8 quokkas
  5 bats
  A frilled lizard (D:2)
  6 kobolds
  4 rats
122 creatures vanquished.

Vanquished Creatures (others)
  An orc priest (D:5)
  An orc (D:5)
  3 plants
  7 toadstools (D:1)
12 creatures vanquished.

Grand Total: 134 creatures vanquished

Table legend:
 A = Non-vault XP
 B = Vault XP
 C = Vault XP percentage of total XP
 D = Non-vault monster count
 E = Vault monster count
 F = Vault count percentage of total count
                 A         B        C        D         E       F
            +---------+---------+-------+---------+---------+-------
      Total |    1939 |      39 |   2.0 |     121 |       2 |   1.6
            +---------+---------+-------+---------+---------+-------
        D:1 |      31 |       0 |   0.0 |      17 |       0 |   0.0
        D:2 |      48 |      37 |  43.5 |      19 |       1 |   5.0
        D:3 |     150 |       0 |   0.0 |      22 |       0 |   0.0
        D:4 |      60 |       2 |   3.2 |      12 |       1 |   7.7
        D:5 |    1061 |       0 |   0.0 |      34 |       0 |   0.0
        D:6 |     589 |       0 |   0.0 |      17 |       0 |   0.0
            +---------+---------+-------+---------+---------+-------

Illustrated notes

Table legend:
 A = Kills in this place as a percentage of kills in entire the game.
 B = Kills by you in this place as a percentage of kills by you in the entire game.
 C = Kills by friends in this place as a percentage of kills by friends in the entire game.
 D = Other kills in this place as a percentage of other kills in the entire game.
 E = Experience gained in this place as a percentage of experience gained in the entire game.
 F = Experience gained in this place divided by the number of levels of this place that you have seen.
                   A       B       C       D       E      F
               +-------+-------+-------+-------+-------+----------------------
         Total | 100.0 | 100.0 |   N/A | 100.0 | 100.0 | 282.6
       Dungeon | 100.0 | 100.0 |   N/A | 100.0 | 100.0 | 329.7
               +-------+-------+-------+-------+-------+----------------------

Table legend: (Time is in decaauts)
 A = Elapsed time spent in this place.
 B = Non-inter-level travel time spent in this place.
 C = Inter-level travel time spent in this place.
 D = Time resting spent in this place.
 E = Time spent auto-exploring this place.
 F = Levels seen in this place.
 G = Mean time per level.
                   A        B        C        D        E       F      G
               +--------+--------+--------+--------+--------+-----+--------+
         Total |   7064 |   6890 |    174 |    378 |   5481 |   7 | 1009.1 |
       Dungeon |   7039 |   6870 |    169 |    378 |   5469 |   6 | 1173.2 |
        Temple |     25 |     20 |      5 |      0 |     12 |   1 |   25.0 |
               +--------+--------+--------+--------+--------+-----+--------+

Top non-repeatable levels by time:
     D:5: 1969 daAuts
     D:3: 1344 daAuts
     D:2: 1261 daAuts
     D:1: 1242 daAuts
     D:4: 978 daAuts
     D:6: 243 daAuts
  Temple: 25 daAuts
